 Dungeon Crawl Stone Soup version 0.21.1-1-g345015f (webtiles) character file.

1857 Falco the Spear-Bearer (level 8, -2/73 HPs)
             Began as a Minotaur Chaos Knight on May 10, 2018.
             Slain by a reaper
             ... wielding a +7 scythe of protection
             ... summoned by the severe capriciousness of Xom
              (38 damage)
             ... in an ossuary.
             The game lasted 00:13:43 (3210 turns).

Falco the Spear-Bearer (Minotaur Chaos Knight)      Turns: 3210, Time: 00:13:44

Health: -2/73      AC:  5    Str: 18    XL:     8   Next: 89%
Magic:  7/7        EV: 13    Int:  9    God:    Xom [*.....]
Gold:   276        SH:  0    Dex: 11    Spells: 7/7 levels left

rFire    . . .     SeeInvis .   a - +0 spear (chaos)
rCold    . . .     Gourm    .   (no shield)
rNeg     . . .     Faith    .   b - +2 leather armour
rPois    .         Spirit   .   (helmet restricted)
rElec    .         Reflect  .   (no cloak)
rCorr    .         Harm     .   (no gloves)
MR       .....                  (no boots)
Stlth    ++........             (no amulet)
HPRegen  0.22/turn              (no ring)
MPRegen  0.10/turn              (no ring)

@: about to teleport, marked
A: retaliatory headbutt, horns 2
a: Renounce Religion


You were in an ossuary.
You worshipped Xom.
You were a special plaything of Xom.
You were not hungry.

You visited 1 branch of the dungeon, and saw 5 of its levels.
You also visited: Ossuary.

You collected 276 gold pieces.

Inventory:

Hand Weapons
 a - a +0 spear of chaos (weapon)
Armour
 b - a +2 leather armour (worn)
Jewellery
 f - a cursed -2 ring of dexterity {unknown}
Wands
 q - a wand of flame (17)
Scrolls
 e - 2 scrolls of remove curse
 g - 4 scrolls of fog
 i - a scroll of immolation {unknown}
 j - 5 scrolls of teleportation
 k - a scroll of magic mapping {unknown}
 l - a scroll of enchant weapon {unknown}
 n - a scroll of summoning {unknown}
 r - a scroll of identify
Potions
 d - 2 potions of curing
 h - 2 potions of might {unknown}
 m - a potion of flight {unknown}
 o - a potion of agility {unknown}
 p - a potion of brilliance {unknown}
 s - a potion of heal wounds {unknown}
 t - a potion of mutation {unknown}
Comestibles
 c - 9 rations


   Skills:
 + Level 7.5 Fighting
 + Level 9.8 Polearms
 + Level 5.2 Armour
 + Level 3.9 Dodging
 + Level 3.3 Stealth


You had 7 spell levels left.
You didn't know any spells.

Dungeon Overview and Level Annotations

Branches:
Dungeon (6/15)
 Temple: D:4-7

Altars:
Ashenzari
Cheibriados
Fedhas
Sif Muna
Trog
Vehumet
Xom
The Shining One


Innate Abilities, Weirdness & Mutations

You reflexively headbutt those who attack you in melee.
You have a pair of horns on your head.


Message History

The big kobold zombie is moderately damaged. "Try this."
Death has come for you...
The big kobold zombie closely misses you.
You hit the big kobold zombie but do no damage.
You smell something strange.
You headbutt the big kobold zombie.
The big kobold zombie is moderately damaged.
Xom grants you insight.
You detect creatures!
As you read the scroll of teleportation, it crumbles to dust.
You feel strangely unstable. The big kobold zombie hits you.
The reaper hits you with a scythe of protection!!
A human zombie comes into view.
You hit the reaper but do no damage.
The big kobold zombie closely misses you.
You completely miss the reaper.
The reaper hits you with a scythe of protection!!!
Ouch! That really hurt!
You die...
Xom roars with laughter!

#...##############...#
#...#ZZZ#... #...#
#...#ZZZ#...# #...#
#...####+...MZ Z #...#
#...#.....∩.# #...#
#...#.......# ZZ #...#
#...#.......# Z#...#
#...#.......####M#...#
#...#.......2@ZZZ#...#
#...#.####^.####Z#...#
#...# #..# #...# #...#
#^.# ZZ#...#
#...######..######...#
#....................#
#........8..8........#
#....................#
#....................#


You could see a reaper, a mummy, a hobgoblin zombie, 2 big kobold zombies and a
human zombie.

Vanquished Creatures
  Pikel (D:6)
  The ghost of bongbing the Gusty, an amateur TeAE of Sif Muna (D:4)
  Menkaure (D:5)
  2 orc warriors
  A sky beast (D:5)
  3 ogres
  A bullfrog (D:4)
  2 scorpions
  A crimson imp (D:5)
  3 bullfrog zombies
  An orc priest (D:5)
  4 hounds
  An iguana (D:6)
  A worker ant (D:5)
  4 adders
  2 oozes (D:1)
  An adder skeleton (D:4)
  4 worms
  A dart slug (D:1)
  3 leopard geckos
  9 orcs
  2 ball pythons (D:4)
  3 giant cockroaches
  3 goblins
  3 hobgoblins
  5 jackals (D:4)
  5 kobolds
  6 bats
  3 frilled lizards
  6 hobgoblin zombies (Ossuary)
  A kobold (shapeshifter) (D:1)
  7 kobold zombies (Ossuary)
  7 orc zombies (Ossuary)
  A quokka skeleton (D:5)
  7 rats
106 creatures vanquished.

Vanquished Creatures (others)
  A slave (D:6)
1 creature vanquished.

Grand Total: 107 creatures vanquished

Notes
Turn   | Place    | Note
-------+----------+-------------------------------------------
     0 | D:1      | Falco the Minotaur Chaos Knight began the quest for the Orb.
     0 | D:1      | Reached XP level 1. HP: 19/19 MP: 0/0
    75 | D:1      | Reached skill level 4 in Polearms
   126 | D:1      | Reached XP level 2. HP: 27/27 MP: 1/1
   271 | D:1      | Reached XP level 3. HP: 32/33 MP: 2/2
   637 | D:2      | XOM: harmless Hex miscast
   851 | D:2      | Noticed a scorpion
   858 | D:2      | XOM: harmless Necr miscast
   860 | D:2      | Killed a scorpion
   860 | D:2      | Reached skill level 5 in Polearms
   860 | D:2      | Reached XP level 4. HP: 26/41 MP: 3/3
   878 | D:2      | You fall through a shaft for 2 floors!
   886 | D:4      | Noticed an ogre
   886 | D:4      | XOM: potion effect (agility)
   887 | D:4      | XOM: divination: detect items
   888 | D:4      | XOM: potion effect (curing)
   894 | D:4      | Killed an ogre
   894 | D:4      | Reached skill level 5 in Fighting
   894 | D:4      | Reached XP level 5. HP: 41/48 MP: 4/4
   908 | D:4      | Reached skill level 6 in Polearms
   949 | D:4      | XOM: polymorph iguana -> bullfrog
   952 | D:4      | XOM: noise
   955 | D:4      | Reached XP level 6. HP: 50/56 MP: 5/5
  1006 | D:4      | Found a deep blue altar of Sif Muna.
  1038 | D:4      | XOM: smoke on damage
  1216 | D:4      | XOM: harmless Summ miscast
  1434 | D:4      | Noticed bongbing's ghost (amateur TeAE)
  1448 | D:4      | Killed bongbing's ghost
  1448 | D:4      | Reached skill level 7 in Polearms
  1473 | D:4      | Found a glowing golden altar of the Shining One.
  1657 | D:5      | Entered Level 5 of the Dungeon
  1668 | D:5      | Reached XP level 7. HP: 51/63 MP: 6/6
  1681 | D:5      | Reached skill level 1 in Stealth
  1804 | D:5      | Noticed Menkaure
  1809 | D:5      | Killed Menkaure
  1809 | D:5      | Reached skill level 8 in Polearms
  1860 | D:5      | Found a bloodstained altar of Trog.
  1869 | D:5      | Found a shimmering altar of Xom.
  1873 | D:5      | Found a shimmering altar of Xom.
  1873 | D:5      | Found a shimmering altar of Xom.
  1873 | D:5      | Found a shimmering altar of Xom.
  1874 | D:5      | Found a shimmering altar of Xom.
  1874 | D:5      | Found a shimmering altar of Xom.
  1924 | D:5      | Found a blossoming altar of Fedhas.
  1925 | D:5      | Found a radiant altar of Vehumet.
  2124 | D:5      | XOM: harmless Necr miscast
  2142 | D:5      | Reached XP level 8. HP: 45/71 MP: 7/7
  2273 | D:5      | Found a shimmering altar of Xom.
  2356 | D:5      | XOM: confuse monster(s)
  2525 | D:6      | Found a snail-covered altar of Cheibriados.
  2610 | D:6      | Noticed Edmund
  2634 | D:6      | Noticed Edmund
  2634 | D:6      | Edmund changed into Edmund the hound
  2642 | D:6      | Killed Edmund the hound
  2658 | D:6      | Reached skill level 9 in Polearms
  2748 | D:6      | Found a shattered altar of Ashenzari.
  2792 | D:6      | Reached skill level 5 in Armour
  2797 | D:6      | XOM: fake destruction
  2904 | D:6      | Noticed Pikel
  2956 | D:6      | XOM: enchant monster (good)
  2967 | D:6      | Killed Pikel
  3056 | D:6      | Found a sand-covered staircase.
  3080 | Ossuary  | XOM: stealth player
  3080 | Ossuary  | Entered an ossuary
  3206 | Ossuary  | XOM: severe Necr miscast
  3207 | Ossuary  | Noticed a reaper
  3207 | Ossuary  | XOM: divination: detect creatures
  3210 | Ossuary  | Slain by a reaper

Skill      XL: |  1  2  3  4  5  6  7  8 |
---------------+-------------------------+-----
Polearms       | 4 5 6 7 8 9 |  9.8
Fighting       | 4 5 6 7 |  7.5
Armour         | 3 4 5 |  5.2
Dodging        | 2 3 |  3.9
Stealth        | 1 3 |  3.3

Action                   |  1- 3 |  4- 6 |  7- 9 || total
-------------------------+-------+-------+-------++-------
Melee: Spear             |    98 |   102 |   226 ||   426
       Headbutt          |    10 |    16 |    47 ||    73
  Use: Scroll            |       |       |     6 ||     6
       Potion            |       |       |     2 ||     2
 Stab: Sleeping          |       |     1 |     6 ||     7
       Paralysed         |       |       |     3 ||     3
       Petrifying        |       |       |     2 ||     2
       Confused          |       |       |     3 ||     3
       Distracted        |       |       |     1 ||     1
  Eat: Ration            |       |     1 |     2 ||     3
Armor: Leather armour    |    16 |    17 |    16 ||    49
Dodge: Dodged            |    34 |    38 |    54 ||   126
